 Dungeon Crawl Stone Soup version 0.28.0-53-g5a82cb258f (webtiles) character file.

Game seed: 16692952202275088899

2753 buhh the Frost Mage (level 9, -2/74 HPs)
             Began as an Octopode Transmuter on June 18, 2022.
             Was a Follower of Cheibriados.
             Slain by a brown ugly thing (10 damage)
             ... on level 8 of the Dungeon.
             The game lasted 00:29:33 (11160 turns).

buhh the Frost Mage (Octopode Transmuter)          Turns: 11160, Time: 00:29:33

Health: -2/74      AC:  5    Str: 12      XL:     9   Next: 68%
Magic:  7/12       EV: 10    Int: 21      God:    Cheibriados [*.....]
Gold:   330        SH:  0    Dex: 13 (14) Spells: 2/12 levels left

rFire   x . .      SeeInvis .     - Unarmed
rCold   + + +      Faith    .   (shield currently unavailable)
rNeg    . . .      Spirit   .   (helmet currently unavailable)
rPois   +          Reflect  .   (no amulet)
rElec   .          Harm     .   h - ring of poison resistance
rCorr   .          Rampage  .   (no ring)
Will    .....                   (no ring)
Stlth   ++........              (no ring)
HPRegen 0.22/turn               (no ring)
MPRegen 0.13/turn               (no ring)
                                (no ring)
                                (no ring)

@: ice-form, corroded, freezing walls, very slow
A: freezing attack, boosted hp, almost no armour, amphibious, 8 rings, large,
(camouflage 1), (gelatinous body 1), (nimble swimmer 1), (tentacles)
a: End Transformation, Renounce Religion, Bend Time


You were on level 8 of the Dungeon.
You worshipped Cheibriados.
Cheibriados was aware of your devotion.
You were a creature of crystalline ice.
You visited 2 branches of the dungeon, and saw 9 of its levels.
You also visited: Ossuary.

You collected 414 gold pieces.
You spent 84 gold pieces at shops.

Inventory:

Hand Weapons
 r - the +7 Throatcutter {drain, coup de grace}
   (You took it off Terence on level 2 of the Dungeon)

   A truly terrible weapon, it drains the life of any living foe it strikes.
   It may instantly kill foes which have little health.
Missiles
 i - 10 poisoned darts
Jewellery
 h - a ring of poison resistance (left front paw)
 p - an amulet of faith {!P}
Wands
 f - a wand of flame (53)
Scrolls
 a - 2 scrolls of fog {unknown}
 d - 2 scrolls of noise {unknown}
 e - 4 scrolls of identify {unknown}
 g - 2 scrolls of brand weapon {unknown}
 o - a scroll of vulnerability {unknown}
 q - a scroll of acquirement {unknown}
Potions
 b - a potion of degeneration
 j - a potion of cancellation {unknown}
 k - a potion of flight
 l - 2 potions of lignification {!d}
 m - a potion of resistance {unknown}
 n - a potion of attraction {unknown}
 K - 4 potions of brilliance {!q!d}


   Skills:
 * Level 6.3 Fighting
 - Level 2.0 Dodging
 - Level 1.0 Stealth
 * Level 3.5 Unarmed Combat
 - Level 2.0 Spellcasting
 - Level 8.0 Transmutations
 - Level 8.0 Ice Magic


You had 2 spell levels left.
You knew the following spells:

 Your Spells              Type           Power      Damage    Failure   Level
a - Beastly Appendage     Tmut           70%        N/A       1%          1
b - Frozen Ramparts       Ice            70%        1d9       1%          3
c - Wereblood             Tmut           35%        N/A       1%          2
d - Ice Form              Ice/Tmut       35%        N/A       5%          4

Your spell library contained the following spells:

 Spells                   Type           Power      Damage    Failure   Level
 Freeze                   Ice            100%       1d11      1%          1
 Ensorcelled Hibernation  Hex/Ice        36%        N/A       4%          2
 Corpse Rot               Necr/Air       4%         N/A       22%         2
 Poisonous Vapours        Pois/Air       4%         N/A       22%         2
 Spider Form              Tmut/Pois      18%        N/A       9%          3
 Hailstorm                Conj/Ice       18%        3d6       28%         4
 Call Canine Familiar     Summ           2%         N/A       41%         3
 Portal Projectile        Hex/Tloc       4%         N/A       41%         3
 Tukima's Dance           Hex            2%         N/A       41%         3
 Anguish                  Hex/Necr       1%         N/A       82%         4
 Leda's Liquefaction      Hex/Erth       1%         N/A       82%         4
 Enfeeble                 Hex            1%         N/A       100%        7


Dungeon Overview and Level Annotations

Branches:
Dungeon (8/15)             Temple (1/1) D:6         Ossuary (visited)
   Lair: D:8-11

Altars:
Ashenzari
Cheibriados
Dithmenos
Elyvilon
Fedhas
Gozag
Hepliaklqana
Kikubaaqudgha
Makhleb
Nemelex Xobeh
Qazlal
Sif Muna
Trog
Uskayaw
Vehumet
Wu Jian
Xom
Yredelemnul
Zin
The Shining One

Shops:
D:3 !

Annotations:
D:3 exclusion: downstairs
D:8 Erica


Innate Abilities, Weirdness & Mutations

You are a creature of crystalline ice.
You have a powerful freezing melee attack.
Your maximum health is increased.
Your armour is entirely melded.
You are incapable of wielding weapons or throwing items.
You cannot wear most types of armour.
You are amphibious.
You can wear up to eight rings at the same time.
((Your skin changes colour to match your surroundings (Stealth+).))
((Your rubbery body absorbs attacks. (AC +1, EV +1)))
((You are camouflaged when in or above water. (Stealth+)))
((You have tentacles for arms and can constrict up to eight enemies at once.))


Message History

The centaur wields a +1 hand axe of freezing.
It glows with a cold blue light!
The centaur hits you with a +1 hand axe of freezing.
The centaur kicks you but does no damage.
The wall freezes the brown ugly thing.
The brown ugly thing tail-slaps you but does no damage.
You barely miss the brown ugly thing.
The brown ugly thing is heavily wounded.
The centaur hits you with a +1 hand axe of freezing.
The centaur kicks you but does no damage.
The wall freezes the brown ugly thing.
The brown ugly thing closely misses you.
You punch the brown ugly thing! You freeze the brown ugly thing.
The brown ugly thing is severely wounded.
The centaur misses you.
The centaur kicks you but does no damage.
The centaur hits you but does no damage.
The centaur kicks you but does no damage.
The wall freezes the brown ugly thing!
The brown ugly thing tail-slaps you!
* * * LOW HITPOINT WARNING * * *
The acid corrodes you!
You are splashed with acid!
* * * LOW HITPOINT WARNING * * *
Really quaff
N - 2 potions of curing {!q!d}?
You feel better.
The centaur hits you with a +1 hand axe of freezing!
* * * LOW HITPOINT WARNING * * *
The centaur kicks you but does no damage.
The wall freezes the brown ugly thing.
The brown ugly thing tail-slaps you but does no damage.
Really quaff
N - a potion of curing {!q!d}?
You feel better.
The centaur hits you with a +1 hand axe of freezing.
* * * LOW HITPOINT WARNING * * *
The centaur kicks you.
* * * LOW HITPOINT WARNING * * *
The centaur hits you with a +1 hand axe of freezing.
* * * LOW HITPOINT WARNING * * *
The centaur barely misses you.
The wall freezes the brown ugly thing.
The brown ugly thing tail-slaps you!
You die...

#...>....####.##.#####.#
#.##..###C####.##.#####.#
.. ...# ...........##.#
.. ###.#
.###.##.##.##.### . #.#
#.##.##.#....#
#.########.##.##.##.#.#
#.#...........##.####.#
#........c.#####.# #.#
.###..uY<.....# #.#
#.########## #.# #.# #.#
#(# #.# ..##########u#
#.# ............c# #.#
######....#.# #.#
#...........# ####.##
#......##...# #.....#


You could see a brown ugly thing and a centaur.

Vanquished Creatures
  A wraith (D:5)
  Eustachio (D:5)
  A wyvern (D:7)
  A steam dragon (D:7)
  Edmund (D:5)
  A water moccasin (D:7)
  2 orc warriors
  A hornet zombie (D:5)
  2 sky beasts (D:6)
  2 centaurs (D:6)
  2 ogres
  A necrophage (D:5)
  A phantom (D:6)
  An elf zombie (Ossuary)
  2 scorpions
  A water moccasin zombie (D:6)
  A centaur zombie (Ossuary)
  2 orc priests
  A hound (D:6)
  A gnoll shaman (D:6)
  An iguana (D:7)
  Terence (D:2)
  6 orc wizards
  A hound skeleton (D:5)
  A mummy (Ossuary)
  A howler monkey skeleton (D:7)
  3 adders
  10 gnolls
  2 worms
  3 dart slugs
  17 orcs
  3 ball pythons
  2 bats (D:2)
  8 endoplasms
  6 giant cockroaches
  7 goblins
  3 hobgoblins
  17 jackals
  7 kobolds
  5 quokkas
  5 frilled lizards
  3 rats
138 creatures vanquished.

Vanquished Creatures (collateral kills)
  A black bear (D:4)
  A kobold brigand (D:4)
  An endoplasm (D:4)
3 creatures vanquished.

Vanquished Creatures (others)
  An orc wizard (D:7)
1 creature vanquished.

Grand Total: 142 creatures vanquished

Notes
Turn   | Place    | Note
-------+----------+-------------------------------------------
     0 | D:1      | buhh the Octopode Transmuter began the quest for the Orb.
     0 | D:1      | Reached XP level 1. HP: 13/13 MP: 3/3
    57 | D:1      | Reached XP level 2. HP: 14/19 MP: 3/5
   254 | D:1      | Reached XP level 3. HP: 25/25 MP: 4/6
   821 | D:1      | Found a faded altar of an unknown god.
  1646 | D:2      | Reached XP level 4. HP: 24/31 MP: 5/7
  1793 | D:2      | Noticed Terence
  2270 | D:3      | Found Goitoiwk's Distillery.
  2278 | D:3      | Bought a potion of curing for 36 gold pieces
  2278 | D:3      | Bought a potion of brilliance for 48 gold pieces
  3458 | D:4      | Noticed a black bear
  3462 | D:4      | Noticed a kobold brigand
  3509 | D:3      | Reached XP level 5. HP: 26/36 MP: 8/8
  4715 | D:4      | Killed a kobold brigand
  4823 | D:4      | Killed a black bear
  4824 | D:4      | Reached XP level 6. HP: 43/43 MP: 9/9
  4895 | D:4      | Found a sparkling altar of Nemelex Xobeh.
  5059 | D:5      | Entered Level 5 of the Dungeon
  5424 | D:5      | Found a sand-covered staircase.
  5457 | Ossuary  | Entered an ossuary
  5550 | Ossuary  | Reached XP level 7. HP: 9/49 MP: 7/10
  5826 | D:5      | Learned a level 3 spell: Frozen Ramparts
  6634 | D:5      | Noticed Eustachio
  6654 | D:5      | Killed Eustachio
  6655 | D:5      | Reached XP level 8. HP: 44/56 MP: 7/11
  6997 | D:5      | Learned a level 2 spell: Wereblood
  7002 | D:5      | Learned a level 4 spell: Ice Form
  7081 | D:5      | Noticed a wraith
  7452 | D:6      | Found a staircase to the Ecumenical Temple.
  8016 | Temple   | Entered the Ecumenical Temple
  8229 | Temple   | Became a worshipper of Cheibriados the Contemplative
  8419 | D:6      | Identified the +8 plate armour of the Heron {Contam rElec
                  | rF++}
  8681 | D:7      | Reached XP level 9. HP: 18/62 MP: 3/12
  9849 | D:8      | Noticed a cyclops
  9849 | D:8      | Noticed Erica
 10088 | D:5      | Reached * piety under Cheibriados
 10239 | D:5      | Noticed Edmund
 10252 | D:5      | Killed Edmund
 10416 | D:2      | Killed Terence
 10881 | D:8      | Paralysed by Erica for 3 turns
 11138 | D:8      | Noticed a brown ugly thing
 11138 | D:8      | Noticed a green ugly thing
 11160 | D:8      | Slain by a brown ugly thing

Illustrated notes

Levels and vault maps discovered:
D:1:      tarquinn_simple_flora_water_a, layout_loops_ring,
          shapermc_ecumenical_altar_totnotflames
D:2:      layout_rooms, uniq_terence
D:3:      layout_basic, serial_shops, shop
D:4:      layout_gridville, nemelex_diamond_rough_becter
D:5:      layout_cave_pools, nicolae_ossuary_entry_monument, nicolae_sextant,
          kennysheep_cross_room, uniq_edmund, uniq_eustachio
D:6:      layout_loops_ring, temple_fountains, roderic_serpentine_path
D:7:      layout_gridville
D:8:      minmay_cut_squares, layout_loops_ring, lair_entry_dummy, minivault_4,
          uniq_prince_ribbit1, uniq_joseph, uniq_erica
Temple:   roderic_octagonal_lattice_temple

Skill      XL: |  1  2  3  4  5  6  7  8  9 |
---------------+----------------------------+-----
Stealth        | 1 |  1.0
Fighting       | 2 3 4 5 6 |  6.3
Ice Magic      | 1 2 4 5 6 8 |  8.0
Transmutations | 5 8 |  8.0
Dodging        | |  2.0
Unarmed Combat | |  3.5
Spellcasting   | |  2.0

Action                   |  1- 3 |  4- 6 |  7- 9 || total
-------------------------+-------+-------+-------++-------
Melee: Unarmed           |    89 |   106 |   120 ||   315
       Kick              |    27 |    40 |    28 ||    95
       Tentacles         |    17 |    20 |    17 ||    54
       Constrict         |    20 |    33 |    14 ||    67
       Punch             |     4 |     7 |     5 ||    16
Throw: Javelin           |       |    10 |       ||    10
       Dart              |       |       |     1 ||     1
 Cast: Beastly Appendage |    21 |    30 |    27 ||    78
       Frozen Ramparts   |       |       |    38 ||    38
       Ice Form          |       |       |    17 ||    17
Evoke: Wand              |       |     1 |     3 ||     4
  Use: Scroll            |       |     6 |     4 ||    10
       Potion            |       |     4 |     4 ||     8
 Stab: Sleeping          |     7 |     4 |     2 ||    13
Armor: Skin              |     7 |     8 |    33 ||    48
Dodge: Dodged            |    45 |    85 |    91 ||   221
